 Dungeon Crawl Stone Soup version 0.17-a0-1775-g10da671 (webtiles) character file.

1971 Rationalist the Shield-Bearer (level 9, -6/55 HPs)
             Began as a Formicid Fighter on Sept 8, 2015.
             Was an Initiate of Qazlal.
             Mangled by an orc warrior
             ... wielding a +0 trident
              (18 damage)
             ... on level 8 of the Dungeon.
             The game lasted 00:11:49 (6889 turns).

Rationalist the Shield-Bearer (Formicid Fighter)    Turns: 6889, Time: 00:11:49

Health: -6/55      AC:  7    Str: 21    XL:     9   Next: 43%
Magic:  27/27      EV: 15    Int:  8    God:    Qazlal [......]
Gold:   311        SH: 11    Dex: 15    Spells: 0 memorised, 8 levels left

rFire  . . .     SeeInvis +     A - +6 whip of Elofy {venom, +Blink MP+9}
rCold  . . .     Clarity  .     b - +0 scale mail
rNeg   . . .     SustAt   .     c - +0 shield
rPois  .         Gourm    .     (helmet unavailable)
rElec  .         Spirit   .     (no cloak)
rCorr  .         Warding  .     (no gloves)
rMut   .         Stasis   +     (no boots)
MR     .....                    (no amulet)
Stlth  +.........               M - +3 ring of evasion
                                s - ring of magical power

@: not resistant to hostile enchantments, very unstealthy
A: permanent stasis, dig shafts and tunnels, four strong arms, antennae 3, agile
1, frail 2
a: Dig, Shaft Self, Renounce Religion


You were on level 8 of the Dungeon.
You worshipped Qazlal.
Qazlal was noncommittal.
You were not hungry.

You visited 2 branches of the dungeon, and saw 8 of its levels.
You also visited: Ossuary.

You collected 311 gold pieces.

Inventory:

Hand weapons
 a - a +0 war axe
 x - a +0 flail of protection
 A - the +6 whip of Elofy (weapon) {venom, +Blink MP+9}
   (You found it on level 4 of the Dungeon)

   It poisons the flesh of those it strikes.
   It affects your magic capacity (+9).
   It lets you blink.
 N - a +0 hand crossbow
Missiles
 f - 8 tomahawks
 t - 3 poisoned tomahawks (quivered)
 y - 40 bolts
 C - 41 sling bullets
Armour
 b - a +0 scale mail (worn)
 c - a +0 shield (worn)
 E - a steam dragon hide
Jewellery
 s - a ring of magical power (left hand)
 M - a +3 ring of evasion (right hand)
Magical devices
 g - a wand of flame (32)
 m - a wand of slowing (19)
 I - a wand of paralysis (19)
 K - a wand of teleportation (4)
 O - a wand of polymorph (11)
Scrolls
 h - 3 scrolls of immolation {unknown}
 i - 3 scrolls of enchant armour
 n - a scroll of noise {unknown}
 o - 3 scrolls of remove curse
 p - a scroll of fear {unknown}
 r - a scroll of blinking {unknown}
 u - 2 scrolls of random uselessness {unknown}
 v - 2 scrolls of enchant weapon {unknown}
 z - 2 scrolls of fog {unknown}
 B - 3 scrolls of identify
 D - a scroll of magic mapping {unknown}
 F - a scroll of recharging {unknown}
Potions
 d - 2 potions of might
 j - 4 potions of brilliance
 l - 2 potions of mutation
 q - 2 potions of ambrosia {unknown}
 G - 2 potions of curing {unknown}
 H - a potion of haste {unknown}
 L - a potion of flight {unknown}
Books
 w - a book of the Tempests

   Spells                             Type                      Level
   a - Static Discharge               Conjuration/Air              3
   b - Lightning Bolt                 Conjuration/Air              5
   c - Fireball                       Conjuration/Fire             5
   d - Tornado                        Air                          9
   e - Shatter                        Earth                        9
Comestibles
 e - 5 bread rations
 k - a meat ration
 J - 4 fruits


   Skills:
 + Level 6.0 Fighting
 + Level 3.5(4.1) Axes
 + Level 3.3(4.0) Maces & Flails
 + Level 7.1 Armour
 + Level 4.5 Dodging
 + Level 2.1 Stealth
 + Level 7.5 Shields


You had 8 spell levels left.
You didn't know any spells.

Dungeon Overview and Level Annotations

Branches:
Dungeon (8/15)             Temple (1/1) D:5
   Lair: D:8-11

Altars:
Ashenzari
Cheibriados
Dithmenos
Elyvilon
Fedhas
Gozag
Kikubaaqudgha
Makhleb
Okawaru
Qazlal
Ru
Sif Muna
Trog
Vehumet
Yredelemnul
Zin

Annotations:
D:6 flt's ghost, experienced HOFi


Innate Abilities, Weirdness & Mutations

You are under a permanent stasis effect.
You can dig through walls and to a lower floor.
Your four strong arms can wield two-handed weapons with a shield.
You have a pair of large antennae on your head (SInv).
You are agile. (Dex +2)
You are very frail (-20% HP).


Message History

The orc warrior hits you from afar with a trident.
Unknown command.
You whack the orc priest!
The orc priest looks even sicker.
The orc priest is heavily wounded.
The orc priest misses you. You block the orc priest's attack.
The orc warrior hits you but does no damage.
You whack the orc priest!
You kill the orc priest!
Qazlal accepts your kill. The orc priest hits you with a club.
The orc warrior barely misses you.
Unknown command.
You hit the orc priest.
You kill the orc priest!
Qazlal accepts your kill.
Your Stealth skill increases to level 2!
The orc priest invokes the aid of Beogh against you.
Something smites you!
* * * LOW HITPOINT WARNING * * *
The orc warrior hits you with a trident!!
You die...

...#.......#.#
###.....)).....
...##.....##.#
##........#....#
...####.####.#
##..............#
##........ ..#
##...............#
#######...#.##
#............##..#
......
#............##..#
#......(....###..#
#.).(..(....# #..#
#@........<.# ##.#
#oo)..........#
#.#
...oo##..........#
#.# ....##
#..........# #.#
... ##.........#
#.# .. #........##
#.# . ###.....##
#.# ####### #..
.... #..


You could see an orc warrior, an orc priest, an orc wizard (invisible) and an
orc.

Vanquished Creatures
  2 wraiths (Ossuary)
  A wyvern (D:8)
  2 steam dragons (D:5)
  3 ogres
  2 phantoms
  A giant frog (D:3)
  2 wights (Ossuary)
  2 crimson imps
  3 jellies
  A centaur zombie (D:8)
  A hound (D:6)
  A giant frog skeleton (D:4)
  2 orc priests (D:8)
  2 orc wizards
  3 iguanas
  A killer bee zombie (D:5)
  A worker ant zombie (D:5)
  7 adders
  3 gnolls
  A shadow imp (D:6)
  2 oozes
  An adder zombie (Ossuary)
  2 worms
  4 giant geckos
  21 orcs
  4 bats
  4 giant cockroaches
  6 goblins
  7 hobgoblins
  6 kobolds
  A quokka (D:2)
  2 ball pythons
  A ball python skeleton (Ossuary)
  A giant gecko skeleton (D:4)
  5 giant newts
  2 hobgoblin skeletons (Ossuary)
  A hobgoblin zombie (Ossuary)
  2 kobold zombies (Ossuary)
  An orc zombie (Ossuary)
  9 rats
123 creatures vanquished.

Vanquished Creatures (others)
  A fungus (D:5)
1 creature vanquished.

Grand Total: 124 creatures vanquished

Notes
Turn   | Place    | Note
--------------------------------------------------------------
     0 | D:1      | Rationalist the Formicid Fighter began the quest for the Orb.
     0 | D:1      | Reached XP level 1. HP: 18/18 MP: 1/1
   192 | D:1      | Reached XP level 2. HP: 24/24 MP: 2/2
   454 | D:1      | Reached XP level 3. HP: 28/30 MP: 3/3
   739 | D:2      | Reached skill level 4 in Shields
   799 | D:2      | Found an opulent altar of Gozag.
   966 | D:2      | Reached XP level 4. HP: 35/37 MP: 4/4
  1795 | D:3      | Found a blossoming altar of Fedhas.
  1968 | D:3      | Noticed a giant frog
  1978 | D:3      | Killed a giant frog
  1978 | D:3      | Reached skill level 1 in Dodging
  1978 | D:3      | Reached XP level 5. HP: 27/42 MP: 5/5
  2372 | D:3      | Found a white marble altar of Elyvilon.
  2689 | D:4      | Reached XP level 6. HP: 15/49 MP: 6/6
  2930 | D:4      | Noticed an ogre
  2941 | D:4      | Killed an ogre
  2941 | D:4      | Reached skill level 5 in Shields
  3376 | D:4      | Found a snail-covered altar of Cheibriados.
  3558 | D:4      | Got a jewelled whip
  3559 | D:4      | Identified the +6 whip of Elofy {venom, +Blink MP+9} (You found it on level 4 of the Dungeon)
  3613 | D:4      | Reached XP level 7. HP: 55/55 MP: 7/7
  3879 | D:4      | Found an iron altar of Okawaru.
  4001 | D:4      | Reached skill level 5 in Armour
  4044 | D:5      | Entered Level 5 of the Dungeon
  4047 | D:5      | Reached skill level 5 in Fighting
  4073 | D:5      | Found a shadowy altar of Dithmenos.
  4188 | D:5      | Noticed a steam dragon
  4188 | D:5      | Noticed a steam dragon
  4205 | D:5      | Killed a steam dragon
  4205 | D:5      | Reached skill level 1 in Maces & Flails
  4205 | D:5      | Reached XP level 8. HP: 49/62 MP: 8/8
  4210 | D:5      | Killed a steam dragon
  4210 | D:5      | Reached skill level 1 in Stealth
  4210 | D:5      | Reached skill level 6 in Shields
  4330 | D:5      | Found a sand-covered staircase.
  4336 | Ossuary  | Entered an ossuary
  4464 | Ossuary  | Noticed a flying skull
  4686 | Ossuary  | Noticed a flying skull
  4742 | Ossuary  | Noticed a flying skull
  5212 | D:5      | Found a staircase to the Ecumenical Temple.
  5221 | Temple   | Entered the Ecumenical Temple
  5256 | Temple   | Became a worshipper of Qazlal Stormbringer
  5761 | D:5      | Found a bloodstained altar of Trog.
  6077 | D:6      | Reached XP level 9. HP: 65/69 MP: 9/9
  6079 | D:6      | Reached skill level 7 in Shields
  6121 | D:6      | Noticed flt's ghost (experienced HOFi)
  6135 | D:6      | Gained mutation: You are frail (-10% HP). [potion of mutation]
  6135 | D:6      | Gained mutation: You are very frail (-20% HP). [potion of mutation]
  6135 | D:6      | Gained mutation: You are agile. (Dex +2) [potion of mutation]
  6138 | D:6      | You fall through a shaft for 2 floors!
  6557 | D:8      | Found a shattered altar of Ashenzari.
  6889 | D:8      | Mangled by an orc warrior

Vault maps used:
D:1:      lemuel_arrival_river_ford, minivault_19
D:2:      overflow_temple_1_default
D:3:      lemuel_crystal_altar, fedhas_altar_2
D:4:      cheibriados_altar_wand_db, overflow_temple_1_default
D:5:      kennysheep_steamy, kennysheep_mini, grunt_dithmenos_smoke_and_mirrors,
          first_bread, enter_ossuary_2
D:8:      old_standard_altar, lemuel_coloured_pillars_altar,
          hangedman_little_slice_of_home, hangedman_misty_isle
Temple:   minmay_temple_bridge_a_8
Ossuary:  ossuary_due_cavern

Action                   |  1- 3 |  4- 6 |  7- 9 || total
-------------------------+-------+-------+-------++-------
Melee: War axe           |    83 |   133 |       ||   216
       Whip              |       |    10 |   248 ||   258
 Abil: Dig               |       |     2 |     7 ||     9
       Shaft Self        |       |       |     1 ||     1
  Use: Scroll            |       |     6 |       ||     6
       Potion            |       |       |     5 ||     5
 Stab: Sleeping          |       |       |     1 ||     1
  Eat: Chunk             |       |     9 |     7 ||    16
       Beef jerky        |       |       |     2 ||     2
       Royal jelly       |       |       |     1 ||     1
       Fruit             |       |       |     3 ||     3
